 Dungeon Crawl Stone Soup version 0.26-a0-660-gc07710193c (webtiles) character file.

Game seed: 5385238540518826241

2562 oldriver the Basher (level 9, -7/56 HPs)
             Began as a Gargoyle Fighter on Oct 6, 2020.
             Was a Believer of Okawaru.
             Mangled by a two-headed ogre
             ... wielding a cursed -2 giant club
              (15 damage)
             ... on level 8 of the Dungeon.
             The game lasted 00:07:21 (7426 turns).

oldriver the Basher (Gargoyle Fighter)              Turns: 7426, Time: 00:07:23

Health: -7/56      AC: 17    Str: 21    XL:     9   Next: 56%
Magic:  9/9        EV:  9    Int:  8    God:    Okawaru [**....]
Gold:   477        SH: 10    Dex: 12    Spells: 8/8 levels left

rFire    . . .     SeeInvis .   z - +2 whip (freeze)
rCold    . . .     Faith    +   c - +0 kite shield
rNeg     + . .     Spirit   .   n - +0 scale mail (curse)
rPois    ∞         Reflect  .   y - +1 hat
rElec    +         Harm     .   h - +0 cloak
rCorr    .         Rampage  .   r - +0 pair of gloves
MR       .....                  (no boots)
Stlth    +.........             p - amulet of faith
HPRegen  0.18/turn              (no ring)
MPRegen  0.11/turn              (no ring)

@: no status effects
A: negative energy resistance 1, electricity resistance, unbreathing,
petrification resistance, rot immunity, AC +6
a: Heroism, Renounce Religion


You were on level 8 of the Dungeon.
You worshipped Okawaru.
Okawaru was pleased with you.
You visited 2 branches of the dungeon, and saw 9 of its levels.

You collected 554 gold pieces.
You spent 77 gold pieces at shops.

Inventory:

Hand Weapons
 z - a +2 whip of freezing (weapon)
Armour
 c - a +0 kite shield (worn)
 h - a +0 cloak (worn)
 j - a +0 chain mail
 n - a cursed +0 scale mail (worn)
 r - a +0 pair of gloves (worn)
 y - a +1 hat (worn)
Jewellery
 f - an uncursed amulet of magic regeneration
 p - an amulet of faith (around neck)
Scrolls
 i - 3 scrolls of remove curse {unknown}
 l - 2 scrolls of magic mapping
 o - 2 scrolls of fear {unknown}
 s - a scroll of immolation {unknown}
 t - 7 scrolls of identify
 w - 4 scrolls of teleportation {unknown}
 A - a scroll of enchant armour {unknown}
 B - a scroll of amnesia {unknown}
 C - a scroll of enchant weapon {unknown}
 D - 3 scrolls of noise {unknown}
 E - a scroll of summoning {unknown}
Potions
 a - 2 potions of lignification {unknown}
 b - a potion of berserk rage {unknown}
 d - 3 potions of might
 e - 2 potions of haste {unknown}
 g - 5 potions of curing {unknown}
 k - 2 potions of magic {unknown}
 m - a potion of invisibility {unknown}
 q - 2 potions of flight {unknown}
 u - 2 potions of ambrosia {unknown}
 v - a potion of brilliance {unknown}
 x - a potion of degeneration {unknown}


   Skills:
 * Level 6.9 Fighting
 * Level 8.9 Maces & Flails
 + Level 6.2 Armour
 + Level 2.0 Dodging
 + Level 2.1 Stealth
 + Level 5.9 Shields


You had 8 spell levels left.
You didn't know any spells.
Your spell library contained the following spells:

 Spells                   Type           Power        Failure   Level
 Summon Small Mammal      Summ           #...         98%         1
 Call Imp                 Summ           #.......     99%         2
 Call Canine Familiar     Summ           #.......     100%        3
 Summon Guardian Golem    Hex/Summ       #.......     100%        3
 Summon Ice Beast         Ice/Summ       #.......     100%        4
 Summon Lightning Spire   Summ/Air       #.......     100%        4


Dungeon Overview and Level Annotations

Branches:
Dungeon (8/15)             Temple (1/1) D:4
   Lair: D:8-11

Altars:
Ashenzari
Cheibriados
Dithmenos
Elyvilon
Fedhas
Gozag
Hepliaklqana
Kikubaaqudgha
Nemelex Xobeh
Okawaru
Qazlal
Ru
Sif Muna
Trog
Uskayaw
Vehumet
Wu Jian
Xom
Yredelemnul
Zin
The Shining One

Shops:
D:4 ?


Innate Abilities, Weirdness & Mutations

You are resistant to torment.
Your stone body is resilient. (AC +6)
You are immune to poison.
You resist negative energy. (rN+)
You are resistant to electric shocks. (rElec)
You can survive without breathing.
You are immune to petrification.
You are immune to rotting.


Message History

You barely miss the two-headed ogre.
The two-headed ogre is severely wounded.
The two-headed ogre hits you with a cursed -2 giant club!
* * * LOW HITPOINT WARNING * * *
The two-headed ogre closely misses you.
You hit the two-headed ogre. You freeze the two-headed ogre.
The two-headed ogre is severely wounded.
You hit the two-headed ogre but do no damage.
The two-headed ogre is severely wounded.
The two-headed ogre hits you with a cursed -2 giant club.
* * * LOW HITPOINT WARNING * * *
The two-headed ogre closely misses you.
You hit the two-headed ogre. You freeze the two-headed ogre.
The two-headed ogre is severely wounded.
Okay, then.
You hit the two-headed ogre. You freeze the two-headed ogre.
The two-headed ogre is severely wounded.
You block the two-headed ogre's attack.
The two-headed ogre hits you with a +0 giant spiked club!
You die...

...........######.#
...........#......#
.....#.....#....#.#
............#....#.#
...#...####.##.###.#
...#...# #.##...#.#
.......####'#....#.#
.........)........#[#
.........).....O@.'.#
....##............###
....##...#........#
.....<............#
..................##
...........≈≈≈≈≈...#
.........≈≈≈≈≈≈≈≈≈.##
.......≈≈≈≈≈≈≈≈≈≈≈..#
..##..≈≈≈≈≈≈≈≈≈≈≈≈≈.#


You could see a two-headed ogre.

Vanquished Creatures
  Pikel (D:5)
  A black bear (D:8)
  An orc warrior (D:7)
  3 phantoms
  An ice beast (D:7)
  An ogre (D:8)
  2 lemures (D:5)
  2 centaurs
  5 bullfrogs
  2 scorpions (D:5)
  4 killer bees (D:7)
  A howler monkey (D:7)
  A bullfrog zombie (D:5)
  4 jellies
  2 hounds
  An iguana (D:8)
  An orc wizard (D:8)
  7 worker ants
  2 hound skeletons
  7 gnolls
  6 adders
  A shadow imp (D:5)
  A white imp (D:5)
  2 ufetubi
  3 worms
  4 dart slugs
  5 leopard geckos
  12 orcs
  5 bats
  2 giant cockroaches
  5 goblins
  8 hobgoblins
  18 jackals
  6 quokkas
  2 ball pythons
  7 frilled lizards
  2 giant cockroach zombies (D:1)
  A jackal skeleton (D:4)
  7 kobolds
  A leopard gecko skeleton (D:4)
  A leopard gecko zombie (D:5)
  A quokka zombie (D:6)
  4 rats
153 creatures vanquished.

Notes
Turn   | Place    | Note
-------+----------+-------------------------------------------
     0 | D:1      | oldriver the Gargoyle Fighter began the quest for the Orb.
     0 | D:1      | Reached XP level 1. HP: 14/14 MP: 1/1
    88 | D:1      | Reached XP level 2. HP: 17/19 MP: 2/2
   408 | D:1      | Reached XP level 3. HP: 24/24 MP: 3/3
   814 | D:2      | Found a shadowy altar of Dithmenos.
  1389 | D:2      | Found an opulent altar of Gozag.
  1475 | D:3      | Reached XP level 4. HP: 24/29 MP: 4/4
  1584 | D:3      | Reached skill level 3 in Maces & Flails
  2438 | D:4      | Found Elepn's Magic Scroll Boutique.
  2444 | D:4      | Bought a scroll of identify for 28 gold pieces
  2444 | D:4      | Bought a scroll of magic mapping for 49 gold pieces
  2511 | D:4      | Reached XP level 5. HP: 21/33 MP: 5/5
  2754 | D:4      | Reached skill level 4 in Maces & Flails
  2784 | D:4      | Found a staircase to the Ecumenical Temple.
  2828 | Temple   | Entered the Ecumenical Temple
  3094 | D:5      | Entered Level 5 of the Dungeon
  3127 | D:5      | Noticed a lemure
  3128 | D:5      | Noticed a lemure
  3274 | D:4      | Reached XP level 6. HP: 21/39 MP: 6/6
  4029 | D:5      | Noticed Pikel
  4057 | D:5      | Killed Pikel
  4057 | D:5      | Reached skill level 5 in Fighting
  4057 | D:5      | Reached skill level 6 in Maces & Flails
  4057 | D:5      | Reached skill level 1 in Dodging
  4057 | D:5      | Reached XP level 7. HP: 25/44 MP: 7/7
  4315 | D:5      | Reached XP level 8. HP: 27/49 MP: 8/8
  5061 | D:5      | Reached skill level 7 in Maces & Flails
  5061 | D:5      | Reached skill level 5 in Shields
  5265 | D:6      | Reached skill level 5 in Armour
  5395 | D:6      | Reached skill level 1 in Stealth
  5518 | D:6      | Found an iron altar of Okawaru.
  6034 | D:6      | Became a worshipper of Warmaster Okawaru
  6092 | D:7      | Found a faded altar of an unknown god.
  6092 | D:7      | Found a stormy altar of Qazlal.
  6097 | D:7      | Found a blossoming altar of Fedhas.
  6099 | D:7      | Found a faded altar of an unknown god.
  6101 | D:7      | Found a hazy altar of Hepliaklqana.
  6357 | D:7      | Found a sacrificial altar of Ru.
  6387 | D:7      | Reached skill level 8 in Maces & Flails
  6387 | D:7      | Reached XP level 9. HP: 31/55 MP: 9/9
  6712 | D:7      | Reached * piety under Okawaru
  6797 | D:7      | Found a glowing golden altar of the Shining One.
  7154 | D:8      | Found a hazy altar of Hepliaklqana.
  7206 | D:8      | Noticed a two-headed ogre
  7271 | D:8      | Reached ** piety under Okawaru
  7426 | D:8      | Mangled by a two-headed ogre

Illustrated notes

Levels and vault maps discovered:
D:1:      saegor_arrival_fortress, layout_basic
D:2:      layout_loops_ring, nicolae_dithmenos_shadow_blocks,
          nicolae_overflow_hidden_temple
D:3:      minmay_wonky_spiral, layout_loops_cross
D:4:      layout_basic, temple_pool_b, serial_shops, shop_statue
D:5:      layout_loops_ring, uniq_pikel
D:6:      layout_basic, okawaru_metal_pillars_1_2
D:7:      layout_rooms, lemuel_crystal_altar, nicolae_tso_carved_into_rock,
          chequers_temple_overflow_minitemple
D:8:      layout_basic, lemuel_altar_in_water
Temple:   nicolae_temple_figure_eight

Skill      XL: |  1  2  3  4  5  6  7  8  9 |
---------------+----------------------------+-----
Maces & Flails | 3 4 6 8 |  8.9
Fighting       | 4 5 6 |  6.9
Shields        | 4 5 |  5.9
Armour         | 4 5 6 |  6.2
Dodging        | 1 2 |  2.0
Stealth        | 2 |  2.1

Action                   |  1- 3 |  4- 6 |  7- 9 || total
-------------------------+-------+-------+-------++-------
Melee: Flail             |   114 |   180 |       ||   294
       Whip              |       |       |   415 ||   415
  Use: Potion            |       |     1 |       ||     1
Armor: Scale mail        |    41 |    91 |   156 ||   288
       Chain mail        |    26 |       |       ||    26
Dodge: Dodged            |    26 |    71 |    94 ||   191
Block: Kite shield       |    46 |    73 |   157 ||   276

Table legend: (Time is in decaauts)
 A = Elapsed time spent in this place.
 B = Non-inter-level travel time spent in this place.
 C = Inter-level travel time spent in this place.
 D = Time resting spent in this place.
 E = Time spent auto-exploring this place.
 F = Levels seen in this place.
 G = Mean time per level.
                   A        B        C        D        E       F      G
               +--------+--------+--------+--------+--------+-----+--------+
         Total |   7433 |   7011 |    422 |   1118 |   4554 |   9 |  825.9 |
       Dungeon |   7198 |   6827 |    371 |   1118 |   4371 |   8 |  899.8 |
        Temple |    235 |    184 |     51 |      0 |    183 |   1 |  235.0 |
               +--------+--------+--------+--------+--------+-----+--------+

Top non-repeatable levels by time:
     D:4: 1427 daAuts
     D:5: 1366 daAuts
     D:7: 1087 daAuts
     D:1: 826 daAuts
     D:3: 784 daAuts
     D:6: 784 daAuts
     D:2: 677 daAuts
     D:8: 244 daAuts
  Temple: 235 daAuts
